 Dungeon Crawl Stone Soup version 0.19-a0-822-g530da24 (webtiles) character file.

419 Ryco the Covert (level 6, 0/29 HPs)
             Began as a Spriggan Enchanter on June 29, 2016.
             Slain by a gnoll (8 damage)
             ... on level 4 of the Dungeon.
             The game lasted 00:07:22 (1041 turns).

Ryco the Covert (Spriggan Enchanter)                Turns: 1041, Time: 00:07:22

Health: 0/29       AC:  3    Str:  4    XL:     6   Next: 62%
Magic:  2/12       EV: 20    Int: 16    God:
Gold:   49         SH:  0    Dex: 19    Spells: 4 memorised, 2 levels left

rFire  . . .     SeeInvis +     a - +1 dagger
rCold  . . .     Gourm    .     i - +1 robe
rNeg   . . .     Faith    .     (shield restricted)
rPois  .         Spirit   .     (helmet restricted)
rElec  .         Dismiss  .     (no cloak)
rCorr  .         Reflect  .     (gloves unavailable)
SustAt .         Harm     .     (boots unavailable)
MR     ++...                    (no amulet)
Stlth  +++++.....               (no ring)
                                q - ring of protection from magic

@: very quick, very resistant to hostile enchantments, quite stealthy
A: unfitting armour, see invisible, herbivore 3, speed 3, slow metabolism 2
a: no special abilities


You were on level 4 of the Dungeon.
You were not hungry.

You visited 1 branch of the dungeon, and saw 5 of its levels.

You collected 49 gold pieces.

Inventory:

Hand Weapons
 a - a +1 dagger (weapon)
 b - a +0 rapier
Armour
 i - a +1 robe (worn)
Jewellery
 q - a ring of protection from magic (left hand)
Scrolls
 f - 3 scrolls of remove curse {unknown}
 h - a scroll of amnesia {unknown}
 j - a scroll of recharging {unknown}
 n - a scroll of immolation {unknown}
 o - a scroll of random uselessness {unknown}
 p - a scroll of teleportation {unknown}
 r - a scroll of identify {unknown}
Potions
 e - a potion of mutation {unknown}
 g - a potion of haste {unknown}
 k - 2 potions of curing {unknown}
 l - a potion of cancellation {unknown}
Books
 c - a book of Maledictions

   Spells                             Type                      Level
   a - Corona                         Hexes                        1
   b - Ensorcelled Hibernation        Hexes/Ice                    2
   c - Confuse                        Hexes                        3
   d - Tukima's Dance                 Hexes                        3
   e - Dazzling Spray                 Conjuration/Hexes            3
Comestibles
 d - 3 bread rations
 m - 2 fruits


   Skills:
 + Level 0.7 Fighting
 * Level 3.9 Short Blades
 + Level 4.0 Dodging
 + Level 8.0 Stealth
 + Level 3.4 Spellcasting
 + Level 4.8 Hexes


You had 2 spell levels left.
You knew the following spells:

 Your Spells              Type           Power        Failure   Level  Hunger
a - Ensorcelled Hibernat  Hex/Ice        ##....       12%         2    ##.....
b - Corona                Hex            ###....      2%          1    None
c - Confuse               Hex            ###.....     10%         3    ###....
t - Tukima's Dance        Hex            ###.....     10%         3    ###....


Dungeon Overview and Level Annotations

Branches:
Dungeon (5/15)
 Temple: D:4-7

Altars:
Elyvilon
Gozag
Pakellas
Sif Muna
Uskayaw

Shops:
D:4 (


Innate Abilities, Weirdness & Mutations

You are tiny and cannot use many weapons and most armour.
You have supernaturally acute eyesight. (SInv)
You are a herbivore.
You cover ground extremely quickly.
You need consume almost no food.


Message History

* * * LOW HITPOINT WARNING * * *
Casting: Ensorcelled Hibernation
Confirm with . or Enter, or press ? or * to list all spells.
Aiming: Tukima's Dance
Press: ? - help, Shift-Dir - straight line, f - gnoll
Aim: a gnoll, wielding a spear (chance to defeat MR: 65%)
The gnoll struggles to resist.
Casting: Tukima's Dance
Confirm with . or Enter, or press ? or * to list all spells.
Aiming: Tukima's Dance
Press: ? - help, Shift-Dir - straight line, f/p - gnoll
Aim: a gnoll, wielding a spear (chance to defeat MR: 65%)
The spear dances into the air!
Casting: Tukima's Dance
Confirm with . or Enter, or press ? or * to list all spells.
Aiming: Ensorcelled Hibernation
Press: ? - help, Shift-Dir - straight line, f/p - gnoll
Aim: a gnoll (chance to defeat MR: 50%)
The gnoll resists with some effort.
The gnoll hits you!
You die...

### ..# #########
#.# #.......# #.#
#.# #####.######.###
#......(.g@)...#
......)#.##...#.#.#
.......#.#......#.#
.......#.##...#.#..
.........###.##.....
.......###
#.#######. ..
..##### #.# ## #. ..
##'## .## ##...#####
..#


You could see a gnoll and a friendly spear.

Vanquished Creatures
  An ice beast (D:5)
  A phantom (D:3)
  An orc priest (D:3)
  A centaur skeleton (D:5)
  Terence (D:2)
  An orc wizard (D:3)
  2 worker ants
  2 gnolls (D:4)
  3 adders
  An adder skeleton (D:4)
  A worm (D:4)
  A dart slug (D:1)
  5 orcs
  6 bats
  2 goblins
  4 hobgoblins
  2 giant newts (D:3)
  A kobold (D:1)
  2 rats
38 creatures vanquished.

Notes
Turn   | Place    | Note
--------------------------------------------------------------
     0 | D:1      | Ryco the Spriggan Enchanter began the quest for the Orb.
     0 | D:1      | Reached XP level 1. HP: 9/9 MP: 5/5
   136 | D:1      | Reached XP level 2. HP: 9/13 MP: 6/6
   140 | D:1      | Learned a level 2 spell: Ensorcelled Hibernation
   272 | D:2      | Noticed Terence
   302 | D:2      | Found a faded altar of an unknown god.
   309 | D:2      | Killed Terence
   309 | D:2      | Reached skill level 5 in Stealth
   309 | D:2      | Reached XP level 3. HP: 12/16 MP: 8/8
   314 | D:2      | Learned a level 3 spell: Confuse
   372 | D:3      | Reached XP level 4. HP: 17/21 MP: 6/9
   390 | D:3      | Found a white marble altar of Elyvilon.
   403 | D:3      | Found a hide-covered altar of Uskayaw.
   429 | D:3      | Noticed a phantom
   446 | D:3      | Killed a phantom
   446 | D:3      | Reached skill level 6 in Stealth
   446 | D:3      | Reached XP level 5. HP: 13/24 MP: 4/10
   451 | D:3      | Learned a level 3 spell: Tukima's Dance
   457 | D:3      | Found an opulent altar of Gozag.
   470 | D:3      | Found a deep blue altar of Sif Muna.
   594 | D:3      | Found an oddly glowing altar of Pakellas.
   721 | D:5      | Entered Level 5 of the Dungeon
   724 | D:5      | Reached skill level 7 in Stealth
   792 | D:5      | Noticed an ice beast
   819 | D:5      | Killed an ice beast
   819 | D:5      | Reached XP level 6. HP: 11/29 MP: 5/12
   874 | D:4      | Found Tyketz's Weapon Shop.
   922 | D:4      | Reached skill level 8 in Stealth
  1041 | D:4      | Slain by a gnoll

Vault maps used:
D:1:      mrwooster_arrival_statue_3
D:2:      grunt_temple_overflow_open, ecumenical_altar_1, serial_forest,
          infiniplex_forest_clump_diagonal, infiniplex_forest_clump_double,
          infiniplex_forest_clump_C, infiniplex_forest_lined_2,
          infiniplex_forest_lined_3, infiniplex_forest_lined_1,
          infiniplex_forest_clump_long, first_bread, uniq_terence, uniq_jessica,
          uniq_sigmund
D:3:      grunt_pakellas_mercury, nicolae_overflow_quartered_altars
D:4:      serial_shops, kennysheep_little_box, shop, nicolae_shop_statue_plus,
          minmay_quantized
D:5:      grunt_dithmenos_smoke

Skill      XL: |  1  2  3  4  5  6 |
---------------+-------------------+-----
Hexes          | 4 |  4.8
Short Blades   | 2 3 |  3.9
Stealth        | 5 6 7 8 |  8.0
Spellcasting   | 3 |  3.4
Dodging        | 4 |  4.0
Fighting       | |  0.7

Action                   |  1- 3 |  4- 6 || total
-------------------------+-------+-------++-------
Melee: Dagger            |    33 |    22 ||    55
       Rapier            |    14 |    15 ||    29
 Cast: Corona            |     1 |       ||     1
       Ensorcelled Hiber |     4 |    14 ||    18
       Confuse           |       |     4 ||     4
       Tukima's Dance    |       |     2 ||     2
 Stab: Sleeping          |    11 |    12 ||    23
       Confused          |       |     6 ||     6
       Distracted        |       |     1 ||     1
Armor: Robe              |     7 |     4 ||    11
Dodge: Dodged            |    44 |    19 ||    63
